 Dungeon Crawl Stone Soup version 0.30-a0-782-ge64f9170bb (webtiles) character file.

Game seed: 11415131218866414951

238 Flugkiller the Sneak (level 5, -2/37 (42) HPs)
             Began as a Demonspawn Delver on Mar 12, 2023.
             Succumbed to a goblin's poison
             ... on level 3 of the Dungeon.
             The game lasted 00:04:49 (2647 turns).

Flugkiller the Sneak (Demonspawn Delver)            Turns: 2647, Time: 00:04:50

HP:   -2/37 (42)    AC:  3    Str: 13    XL:     5   Next: 78%
MP:   5/5           EV: 12    Int: 11    God:
Gold: 167           SH:  0    Dex: 16    Spells: 4/4 levels left

rFire   . . .      SeeInvis .    f - +0 long sword
rCold   . . .      Faith    .    (no shield)
rNeg    . . .      Spirit   .    b - +0 leather armour
rPois   .          Reflect  .    (no helmet)
rElec   .          Harm     .    (no cloak)
rCorr   .          Rampage  .    (no gloves)
Will    .....                    (no boots)
Stlth   +++                      (no amulet)
HPRegen 0.26/turn                (no ring)
MPRegen 0.09/turn                (no ring)

@: lethally poisoned (-2 -> -11), heavily drained
A: ignite blood 2, weakness stinger 1
a: no special abilities


You were on level 3 of the Dungeon.
You visited 1 branch of the dungeon, and saw 5 of its levels.

You collected 167 gold pieces.

Inventory:

Hand Weapons
 a - a +0 falchion
 f - a +0 long sword (weapon)
   (You found it on level 5 of the Dungeon)
Armour
 b - a +0 leather armour (worn)
Jewellery
 e - a +6 ring of strength
   (You found it on level 2 of the Dungeon)
Wands
 d - a wand of light (7)
   (You took it off Ijyb on level 3 of the Dungeon)
 g - a wand of digging (2)
 j - a wand of polymorph (7)
   (You took it off Terence on level 2 of the Dungeon)
Scrolls
 c - a scroll of fog
 i - a scroll of amnesia
 k - a scroll of enchant weapon
 l - 3 scrolls of magic mapping
 o - a scroll of noise {unknown}
 s - a scroll of vulnerability {unknown}
Potions
 h - 2 potions of haste
 m - a potion of attraction


   Skills:
 - Level 3.9 Fighting
 - Level 2.9 Long Blades
 - Level 2.9 Dodging
 - Level 5.2 Stealth
 + Level 2.3 Evocations


You had 4 spell levels left.
You didn't know any spells.
Your spell library contained the following spells:

 Spells                   Type           Power      Damage    Failure   Level
 Blink                    Tloc           0%         N/A       56%         2
 Sublimation of Blood     Necr           0%         N/A       56%         2
 Manifold Assault         Tloc           0%         N/A       99%         4
 Petrify                  Tmut/Erth      0%         N/A       99%         4
 Irradiate                Conj/Tmut      0%         3d11      100%        5
 Storm Form               Tmut/Air       0%         N/A       100%        7


Dungeon Overview and Level Annotations

Branches:
Dungeon (5/15) Zot: 25054
 Temple: D:4-7

Altars:
Yredelemnul

Shops:
D:2 ?   D:3 *   D:5 [

Annotations:
D:3 Robin


Innate Abilities, Weirdness & Mutations

Your demonic aura often causes spilled blood to erupt in flames.
You have a small tail.


Message History

The goblin closely misses you.
You hit the goblin.
Your tail-slap misses the goblin.
The goblin is heavily wounded.
The goblin is engulfed in blazing flames.
You kill the goblin!
No target in view!
No target in view!
You see here a +0 dagger.
There is a stone staircase leading up here.
Things that are here:
a +0 club; a goblin corpse
There is a stone staircase leading up here.
You see here a +0 dagger.
You see here a hobgoblin corpse.
A goblin is nearby!
A goblin is nearby!
Unknown command.
Things that are here:
a +0 short sword; a kobold skeleton A goblin comes into view.
It is wielding a +0 dagger.
Things that are here:
4 stones; a +0 whip; a kobold skeleton The goblin shouts!
The hobgoblin shouts!
The goblin shouts! x2; Robin shouts!
Unknown command.
Things that are here:
4 stones; a +0 whip; a kobold skeleton
Things that are here:
a +0 short sword; a kobold skeleton You see here a hobgoblin corpse.
You see here a +0 dagger.
There is a stone staircase leading up here.
Things that are here:
a +0 club; a goblin corpse The hobgoblin hits you but does no damage.
There is a stone staircase leading up here.
You hit the hobgoblin but do no damage. The hobgoblin hits you. x2
You completely miss the hobgoblin. You tail-slap the hobgoblin.
The hobgoblin is severely wounded.
The hobgoblin closely misses you.
You hit the hobgoblin.
You kill the hobgoblin!
You hit the goblin.
The goblin is moderately wounded.
Robin throws the goblin at you! The goblin hits you with a +0 dagger.
You slash the goblin!
You kill the goblin!
The goblin hits you with a +1 dagger of venom.
You are poisoned.
Robin roars a battlecry!
The goblins go into a battle-frenzy!
The goblin hits you but does no damage. The goblin closely misses you.
You hear a shout!
You hit the goblin but do no damage.
You feel sick. The goblin closely misses you. x2
You barely miss the goblin.
You feel sick.
The goblin hits you with a +1 dagger of venom.
You are more poisoned.
The goblin barely misses you.
You barely miss the goblin.
Your tail-slap misses the goblin.
You feel very sick.
The goblin hits you with a +1 dagger of venom.
You are lethally poisoned!
The goblin hits you with a +0 club.
Unknown command.
Okay, then.
Okay, then.
Aiming: Bolt of Light
Press: ? - help, Shift-Dir - straight line, f - goblin
Aim: a goblin, wielding a +1 dagger of venom (strong, 64% to hit)
The bolt of light hits the goblin!
You kill the goblin!
* * * LOW HITPOINT WARNING * * *
You feel very sick. The goblin hits you but does no damage.
Unknown command.
It was a potion of lignification.
You turn into a tree.
Your +0 leather armour melds into your body.
Your roots penetrate the ground.
* * * LOW HITPOINT WARNING * * *
You feel very sick. The goblin hits you but does no damage.
Robin throws the goblin at you!
It was a potion of resistance.
You feel protected.
* * * LOW HITPOINT WARNING * * *
You feel very sick. The goblin hits you but does no damage.
It was a potion of cancellation.
Your magical effects are unravelling.
You feel magically purged.
You feel less wooden.
Your +0 leather armour unmelds from your body.
Your resistance to elements expires.
* * * LOW HITPOINT WARNING * * *
You feel very sick. The goblin barely misses you.
Robin hits you but does no damage.
Unknown command.
Okay, then.
You slash the goblin!
You kill the goblin!
You die...

..# #.# #.# #.#
#.# #.# #.# #.#
#########.### #.#
#.gg.gJ.....# #.#
..###.###.#.# #.#
..........#.####☼#
..#....g.g.g).##@#
.........##÷#.##g#
.....g..###....#†#
..........g..g..<#
.........##....###
.....###.##.#.##
...!)# #.##.#.#
#.##.# #.##.#.#
#.##.###.##.#.#


You could see Robin.

Vanquished Creatures
  A necrophage (D:5)
  A jelly (D:3)
  Ijyb (D:3)
  Terence (D:2)
  A worm (D:3)
  3 dart slugs
  An orc (D:3)
  5 ball pythons
  5 bats
  7 endoplasms
  2 giant cockroaches (D:1)
  15 goblins
  8 hobgoblins
  3 jackals (D:1)
  11 kobolds
  3 quokkas
  2 frilled lizards
  5 rats
75 creatures vanquished.

Notes
Turn   | Place    | Note
-------+----------+-------------------------------------------
     0 | D:5      | Flugkiller the Demonspawn Delver began the quest for the
                  | Orb.
     0 | D:5      | Reached XP level 1. HP: 18/18 MP: 1/1
     1 | D:5      | Noticed an orc wizard
    10 | D:5      | Found a basalt altar of Yredelemnul.
    37 | D:5      | Found Mapest's Armour Shop.
    39 | D:5      | Noticed a necrophage
    49 | D:5      | Killed a necrophage
    50 | D:5      | Gained mutation: You have a small tail. [demonic ancestry]
    50 | D:5      | Reached XP level 2. HP: 5/24 MP: 2/2
    50 | D:5      | Reached XP level 3. HP: 6/29 MP: 3/3
   248 | D:3      | Noticed Ijyb
   256 | D:3      | Killed Ijyb
   257 | D:3      | Reached skill level 5 in Stealth
   257 | D:3      | Gained mutation: Your demonic aura sometimes causes spilled
                  | blood to erupt in flames. [demonic ancestry]
   257 | D:3      | Reached XP level 4. HP: 36/36 MP: 4/4
   321 | D:2      | Found Goolar's Magic Scroll Shoppe.
   449 | D:2      | Noticed Terence
   457 | D:2      | Killed Terence
   881 | D:1      | Gained mutation: Your demonic aura often causes spilled
                  | blood to erupt in flames. [demonic ancestry]
   881 | D:1      | Reached XP level 5. HP: 38/42 MP: 5/5
  2317 | D:3      | Reached skill level 1 in Evocations
  2395 | D:3      | Found Teror's Assorted Antiques.
  2431 | D:3      | Noticed Robin
  2471 | D:3      | HP: 1/35 [acid (7)]
  2646 | D:3      | HP: 1/37 [poisoned by a goblin]
  2647 | D:3      | Succumbed to a goblin's poison

Illustrated notes

Levels and vault maps discovered:
D:1:      onia_arrival_mini_spirals, layout_basic
D:2:      layout_loops_corners, serial_shops, nicolae_diamond_shop,
          minmay_fractal_squares_5, uniq_terence
D:3:      kennysheep_the_goblin_king, layout_loops_ring,
          gammafunk_ghost_cemetery, serial_shops, nicolae_shop_window_shopping,
          uniq_ijyb, uniq_robin
D:4:      layout_basic, uniq_duvessa, uniq_eustachio
D:5:      layout_basic, kennysheep_mini, serial_shops, shop, shop_statue, shop,
          nicolae_shop_hallway_stairs, shop

Skill      XL: |  1  2  3  4  5 |
---------------+----------------+-----
Long Blades    | 2 |  2.9
Dodging        | 2 |  2.9
Stealth        | 5 |  5.2
Evocations     | 2 |  2.3
Fighting       | |  3.9

Action                     |  1- 3 |  4- 6 || total
---------------------------+-------+-------++-------
  Melee: Long sword        |    11 |   154 ||   165
         Tailslap          |     1 |    19 ||    20
  Evoke: Wand              |     1 |     2 ||     3
    Use: Potion            |     2 |     4 ||     6
         Scroll            |     1 |     4 ||     5
   Stab: Sleeping          |       |    18 ||    18
 Armour: Leather armour    |       |    46 ||    46
         Skin              |       |     3 ||     3
  Dodge: Dodged            |     1 |   125 ||   126

Table legend: (Time is in decaauts)
 A = Elapsed time spent in this place.
 B = Non-inter-level travel time spent in this place.
 C = Inter-level travel time spent in this place.
 D = Time resting spent in this place.
 E = Time spent auto-exploring this place.
 F = Levels seen in this place.
 G = Mean time per level.
                   A        B        C        D        E       F      G
               +--------+--------+--------+--------+--------+-----+--------+
         Total |   2679 |   2617 |     62 |    438 |   1380 |   5 |  535.8 |
       Dungeon |   2679 |   2617 |     62 |    438 |   1380 |   5 |  535.8 |
               +--------+--------+--------+--------+--------+-----+--------+

Top non-repeatable levels by time:
     D:2: 1197 daAuts
     D:1: 981 daAuts
     D:3: 346 daAuts
     D:5: 143 daAuts
     D:4: 9 daAuts
